 Dungeon Crawl Stone Soup version 0.16-a0-1320-gb5a7ef2 (webtiles) character file.

68 redxz13 the Sneak (level 4, 0/21 HPs)
             Began as a Vine Stalker Enchanter on Oct 16, 2014.
             Slain by a gnoll
             ... wielding a +0 flail
              (1 damage)
             ... on level 2 of the Dungeon.
             The game lasted 00:23:25 (1798 turns).

redxz13 the Sneak (Vine Stalker Enchanter)          Turns: 1798, Time: 00:23:25

Health: 0/21       AC:  3    Str: 11    XL:     4   Next: 19%
Magic:  0/9        EV: 12    Int: 16    God:
Gold:   58         SH:  0    Dex: 14    Spells: 3 memorised, 2 levels left

rFire  . . .     SeeInvis .     j - +3 mace
rCold  + . .     Clarity  .     b - +1 robe
rNeg   . . .     SustAb   .     (no shield)
rPois  .         Gourm    .     (no helmet)
rElec  .         Spirit   +     (no cloak)
rCorr  .         Warding  .     (no gloves)
rMut   .         Stasis   .     (no boots)
MR     .....                    v - amulet of rage
Stlth  +++.......               B - ring of protection from cold
                                q - ring of invisibility

@: not resistant to hostile enchantments, fairly stealthy
A: fangs 2, regeneration 1, magic shield, antimagic bite, no device heal 3, rot
immunity
a: Evoke Berserk Rage, Evoke Invisibility


You were on level 2 of the Dungeon.
You were not hungry.

You visited 1 branch of the dungeon, and saw 2 of its levels.

You collected 58 gold pieces.

Inventory:

Hand weapons
 a - a +1 dagger
 e - a +0 short sword
 f - a +0 flail
 h - a +0 hunting sling
 j - a +3 mace (weapon)
 l - a -2 spear
 r - a +0 halberd
 x - a +0 falchion
Missiles
 g - 86 stones (quivered)
 y - 7 javelins
Armour
 b - a +1 robe (worn)
 m - a -1 cloak
 p - a +0 leather armour
 u - a +0 scale mail
 z - a +0 robe
 A - a +0 robe
Jewellery
 q - a ring of invisibility (left hand)
 v - an amulet of rage (around neck)
 B - a ring of protection from cold (right hand)
Scrolls
 i - a scroll of recharging {unknown}
 k - a scroll of identify {unknown}
 n - a scroll of remove curse
Potions
 o - 2 potions of heal wounds {unknown}
Books
 c - a book of Maledictions

   Spells                             Type                      Level
   *Corona                            Hexes                        1
   Sure Blade                         Hexes/Charms                 2
   *Ensorcelled Hibernation           Hexes/Ice                    2
   Confuse                            Hexes                        3
   *Dazzling Spray                    Conjuration/Hexes            3
   Enslavement                        Hexes                        4
 t - a book of Geomancy

   Spells                             Type                      Level
   Sandblast                          Earth                        1
   Stoneskin                          Transmutation/Earth          2
   Passwall                           Transmutation/Earth          3
   Stone Arrow                        Conjuration/Earth            3
   Petrify                            Transmutation/Earth          4
   Lee's Rapid Deconstruction         Earth                        5
Comestibles
 d - a bread ration
 s - a rotting chunk of goblin flesh
 w - a chunk of giant cockroach flesh


   Skills:
 + Level 0.1 Fighting
 + Level 0.8 Short Blades
 + Level 0.1 Maces & Flails
 + Level 2.1 Dodging
 + Level 4.1 Stealth
 + Level 2.9 Spellcasting
 + Level 3.7 Hexes


You had 2 spell levels left.
You knew the following spells:

 Your Spells              Type           Power        Failure   Level  Hunger
a - Corona                Hex            ##.....      6%          1    #......
b - Dazzling Spray        Conj/Hex       #.......     28%         3    ###....
c - Ensorcelled Hibernat  Hex/Ice        #.....       14%         2    ##.....


Dungeon Overview and Level Annotations

Branches:
Dungeon (2/15)

Altars:
Ashenzari
Gozag
Nemelex Xobeh
Zin


Innate Abilities, Weirdness & Mutations

You have extremely sharp teeth.
Your natural rate of healing is unusually fast.
When hurt, damage is shared between your health and your magic reserves.
Your bite disrupts and absorbs the magic of your enemies.
Potions and wands cannot restore your health.
You are immune to rotting.


Message History

The gnoll barely misses you.
You closely miss the gnoll. You bite the gnoll, but do no damage.
The gnoll is moderately wounded.
The gnoll misses you.
You barely miss the gnoll. You bite the gnoll, but do no damage.
The gnoll is lightly wounded.
The gnoll barely misses you.
You hit the gnoll but do no damage. You bite the gnoll. You drain its power.
You feel invigorated.
The gnoll is moderately wounded.
The gnoll hits you with a flail!
You hit the gnoll.
The gnoll is severely wounded.
The gnoll closely misses you.
You hit the gnoll.
The gnoll is severely wounded.
The gnoll hits you with a flail!
* * * LOW HITPOINT WARNING * * *
The gnoll hits you with a flail.
You die...

#.# #.# ####.#####
.........# .###.###.# .#
#.# #.# .# #.# #.# ##+##
.###.###.# ##.g.##
.........# ##.@...##
........## ##.......##
.###.#...####.........#
.........%..'.........'.
.###.#...####.........#.
.# #.....# ##.......##
.# ###.#.# ##.....## .#
#.#.# ###...###
.#####.#.# #.......#


You could see a gnoll.

Vanquished Creatures
  An adder (D:2)
  2 gnolls (D:2)
  A giant gecko (D:1)
  A ball python (D:2)
  2 bats
  2 giant cockroaches (D:2)
  7 hobgoblins
  5 jackals (D:1)
  2 kobolds
  A quokka (D:2)
  A giant newt (D:2)
  6 goblins
  5 rats
36 creatures vanquished.

Notes
Turn   | Place    | Note
--------------------------------------------------------------
     0 | D:1      | redxz13, the Vine Stalker Enchanter, began the quest for the Orb.
     0 | D:1      | Reached XP level 1. HP: 9/9 MP: 3/3
   225 | D:1      | Reached XP level 2. HP: 13/13 MP: 1/5
   946 | D:1      | Reached skill level 4 in Stealth
  1115 | D:2      | Reached XP level 3. HP: 16/16 MP: 5/7
  1126 | D:2      | Learned a level 3 spell: Dazzling Spray
  1129 | D:2      | Learned a level 2 spell: Ensorcelled Hibernation
  1165 | D:2      | Noticed an angel
  1166 | D:2      | Found a glowing silver altar of Zin.
  1355 | D:2      | Found an opulent altar of Gozag.
  1355 | D:2      | Found a sparkling altar of Nemelex Xobeh.
  1499 | D:2      | Found a shattered altar of Ashenzari.
  1775 | D:2      | Reached XP level 4. HP: 21/21 MP: 2/9
  1798 | D:2      | HP: 1/21 [gnoll/flail (10)]
  1798 | D:2      | Slain by a gnoll

Action                   |  1- 3 |  4- 6 || total
-------------------------+-------+-------++-------
Melee: Dagger            |     9 |       ||     9
       Mace              |    62 |    12 ||    74
Throw: Stone             |     1 |       ||     1
 Cast: Corona            |    26 |       ||    26
       Ensorcelled Hiber |     3 |       ||     3
  Use: Scroll            |     1 |       ||     1
 Stab: Sleeping          |     1 |     1 ||     2
  Eat: Chunk             |     1 |       ||     1
       Meat ration       |     1 |       ||     1
